 Dungeon Crawl Stone Soup version 0.27-a0-406-g23f261fbd2 (webtiles) character file.

Game seed: 10164472064683310059

3457 vurker the Zephyrmancer (level 10, -1/59 HPs)
             Began as a Tengu Air Elementalist on Feb 22, 2021.
             Was a Follower of Vehumet.
             Slain by a killer bee (7 damage)
             ... on level 8 of the Dungeon.
             The game lasted 00:12:14 (11724 turns).

vurker the Zephyrmancer (Tengu Air Elementalist)   Turns: 11724, Time: 00:12:14

Health: -1/59      AC:  2    Str:  8    XL:     10   Next: 6%
Magic:  4/22       EV: 15    Int: 19    God:    Vehumet [*.....]
Gold:   351        SH:  0    Dex: 15    Spells: 14/24 levels left

rFire    . . .     SeeInvis .   n - +0 dagger (venom)
rCold    . . .     Faith    .   (no shield)
rNeg     . . .     Spirit   .   q - +0 robe {Will+}
rPois    .         Reflect  .   (helmet restricted)
rElec    .         Harm     .   (no cloak)
rCorr    .         Rampage  .   (no gloves)
Will     +....                  (boots unavailable)
Stlth    ++........             (no amulet)
HPRegen  0.19/turn              (no ring)
MPRegen  0.18/turn              (no ring)

@: flying quickly and evasively, quick
A: beak, talons 3, able to fly
a: Stop Flying, Renounce Religion


You were on level 8 of the Dungeon.
You worshipped Vehumet.
Vehumet was aware of your devotion.
You visited 2 branches of the dungeon, and saw 9 of its levels.

You collected 351 gold pieces.

Inventory:

Hand Weapons
 n - a +0 dagger of venom (weapon)
   (You found it on level 2 of the Dungeon)
Armour
 q - a +0 robe of willpower (worn)
   (You took it off Dowan on level 5 of the Dungeon)
Wands
 a - a wand of polymorph (6)
   (You found it on level 7 of the Dungeon)
 p - a wand of mindburst (14)
   (You found it on level 6 of the Dungeon)
 u - a wand of paralysis (11)
   (You took it off a gnoll on level 8 of the Dungeon)
 v - a wand of digging (4)
   (You found it on level 7 of the Dungeon)
Scrolls
 d - a scroll of fog
 e - a scroll of magic mapping
 f - a scroll of blinking
 g - 2 scrolls of immolation
 i - a scroll of amnesia
 j - 5 scrolls of teleportation
 m - a scroll of fear
Potions
 b - a potion of resistance
 c - 4 potions of lignification
 h - a potion of curing
 k - 3 potions of mutation
 r - a potion of heal wounds {unknown}


   Skills:
 + Level 5.5 Fighting
 - Level 2.1 Dodging
 - Level 2.0 Stealth
 * Level 7.6 Spellcasting
 * Level 7.9 Conjurations
 * Level 11.0 Air Magic


You had 14 spell levels left.
You knew the following spells:

 Your Spells              Type           Power        Failure   Level
a - Shock                 Conj/Air       100%         1%          1
b - Lightning Bolt        Conj/Air       21%          5%          5
c - Airstrike             Air            24%          1%          4

Your spell library contained the following spells:

 Spells                   Type           Power        Failure   Level
 Freeze                   Ice            28%          10%         1
 Magic Dart               Conj           100%         1%          1
 Searing Ray              Conj           74%          1%          2
 Swiftness                Air            49%          1%          2
 Static Discharge         Conj/Air       43%          1%          3
 Dazzling Flash           Conj/Hex       44%          5%          3
 Fulminant Prism          Conj/Hex       11%          19%         4
 Iskenderun's Mystic Bla  Conj/Tloc      22%          19%         4


Dungeon Overview and Level Annotations

Branches:
Dungeon (8/15)             Temple (1/1) D:6
   Lair: D:8-11

Altars:
Ashenzari
Cheibriados
Dithmenos
Fedhas
Hepliaklqana
Kikubaaqudgha
Okawaru
Qazlal
Ru
Sif Muna
Trog
Uskayaw
Vehumet
Wu Jian
Yredelemnul
Zin
The Shining One

Shops:
D:7 (


Innate Abilities, Weirdness & Mutations

You have a beak for a mouth.
You have claws for feet.
You can fly continuously.


Message History

You are poisoned.
The killer bee poisons you!
You completely miss the killer bee.
You feel sick. The killer bee misses you. x2
You hit the killer bee but do no damage.
You claw the killer bee.
You feel sick. The killer bee stings you! x2
You are more poisoned.
The killer bee poisons you!
You closely miss the killer bee. The killer bee barely misses you.
The killer bee misses you.
You miss the killer bee.
You feel sick. The killer bee stings you. The killer bee closely misses you.
You miss the killer bee. You claw the killer bee.
You feel sick. The killer bee stings you!
* * * LOW HITPOINT WARNING * * *
The killer bee barely misses you.
Aim: a killer bee (heavily wounded, chance to affect: 54%)
The killer bee suddenly stops moving!
You feel sick.
You feel sick.
The helpless killer bee fails to defend itself.
You hit the killer bee.
The killer bee is poisoned.
You peck the killer bee.
You kill the killer bee!
Vehumet accepts your kill.
You feel sick. The killer bee stings you!
* * * LOW HITPOINT WARNING * * *
You are more poisoned.
The killer bee poisons you!
Aim: a killer bee (chance to affect: 54%)
The killer bee resists with significant effort.
You feel sick. The killer bee stings you.
* * * LOW HITPOINT WARNING * * *
The killer bee barely misses you.
You feel better. The killer bee misses you. The killer bee closely misses you.
Okay, then.
Aim: a killer bee (chance to affect: 73%)
The killer bee's mind is blasted!
The killer bee misses you. The killer bee barely misses you.
You closely miss the killer bee. Your kick misses the killer bee.
The killer bee barely misses you. The killer bee completely misses you.
You barely miss the killer bee. Your peck misses the killer bee.
The killer bee misses you. The killer bee stings you.
* * * LOW HITPOINT WARNING * * *
You closely miss the killer bee. Your peck misses the killer bee.
The killer bee stings you!
* * * LOW HITPOINT WARNING * * *
The killer bee misses you.
You feel better. The killer bee closely misses you. The killer bee stings you!
* * * LOW HITPOINT WARNING * * *
You miss the killer bee. The killer bee closely misses you.
The killer bee stings you!
You die...

#.. .#. #.# #.#
### #.# #†# #..
##.# #.#
#.#####... #.#
#.##....#. #.#
#.##.##... #y#
#[##.###.# #@#
##.##.###.#
#.######.........#
#............#####
##############


You could see a killer bee.

Vanquished Creatures
  Duvessa (D:5)
  5 sky beasts
  A centaur (D:7)
  A phantom (D:7)
  A kobold brigand (D:7)
  7 bullfrogs
  A wyvern zombie (D:6)
  Dowan (D:5)
  A scorpion (D:4)
  4 killer bees (D:8)
  24 wights
  A howler monkey (D:3)
  4 bullfrog zombies (D:6)
  3 orc priests
  A jelly (D:7)
  2 centaur skeletons (D:6)
  An iguana (D:5)
  4 orc wizards
  4 worker ants
  A killer bee zombie (D:6)
  A hound zombie (D:7)
  A howler monkey skeleton (D:7)
  4 gnolls
  11 adders
  A shadow imp (D:6)
  2 white imps
  2 ufetubi (D:6)
  An adder skeleton (D:6)
  2 adder zombies
  6 worms
  2 dart slugs
  A leopard gecko (D:3)
  17 orcs
  4 bats
  6 giant cockroaches
  7 goblins
  7 hobgoblins
  3 jackals
  10 kobolds
  7 quokkas
  4 frilled lizards
  A giant cockroach zombie (D:6)
  2 jackal skeletons
  2 leopard gecko skeletons
  A quokka skeleton (D:5)
  7 rats
180 creatures vanquished.

Vanquished Creatures (others)
  A withered plant (D:6)
1 creature vanquished.

Grand Total: 181 creatures vanquished

Notes
Turn   | Place    | Note
-------+----------+-------------------------------------------
     0 | D:1      | vurker the Tengu Air Elementalist began the quest for the
                  | Orb.
     0 | D:1      | Reached XP level 1. HP: 10/10 MP: 4/4
   304 | D:1      | Reached XP level 2. HP: 15/15 MP: 3/6
   693 | D:1      | Reached XP level 3. HP: 13/20 MP: 1/7
  1094 | D:2      | Reached skill level 1 in Fighting
  1811 | D:2      | Reached skill level 5 in Air Magic
  1811 | D:2      | Reached XP level 4. HP: 21/25 MP: 1/9
  2378 | D:3      | Gained mutation: You can fly continuously. [Tengu growth]
  2378 | D:3      | Reached XP level 5. HP: 29/29 MP: 1/10
  2533 | D:3      | Learned a level 5 spell: Lightning Bolt
  2538 | D:3      | Learned a level 4 spell: Airstrike
  3332 | D:3      | Found a stormy altar of Qazlal.
  3571 | D:4      | Reached skill level 6 in Air Magic
  3571 | D:4      | Reached XP level 6. HP: 14/35 MP: 2/12
  3781 | D:4      | Found a broken altar of Ashenzari.
  4082 | D:4      | Reached XP level 7. HP: 22/40 MP: 8/14
  4781 | D:5      | Entered Level 5 of the Dungeon
  5289 | D:5      | Reached skill level 7 in Air Magic
  5507 | D:5      | Noticed Duvessa
  5537 | D:5      | Noticed Dowan
  5541 | D:5      | Killed Duvessa
  5675 | D:5      | Killed Dowan
  5897 | D:5      | Reached XP level 8. HP: 42/46 MP: 12/16
  5958 | D:5      | Reached skill level 5 in Spellcasting
  6629 | D:6      | Reached skill level 8 in Air Magic
  6745 | D:5      | Reached skill level 5 in Conjurations
  7457 | D:6      | Reached skill level 9 in Air Magic
  7632 | D:6      | Found a staircase to the Ecumenical Temple.
  7648 | Temple   | Entered the Ecumenical Temple
  7800 | Temple   | Became a worshipper of Vehumet
  7833 | D:6      | Reached XP level 9. HP: 52/52 MP: 2/19
  8082 | D:6      | Found a bloodstained altar of Trog.
  8210 | D:6      | Found a hazy altar of Hepliaklqana.
  8261 | D:6      | Found a snail-covered altar of Cheibriados.
  9476 | D:7      | Reached skill level 10 in Air Magic
  9971 | D:7      | Reached skill level 5 in Fighting
 10127 | D:7      | Found Xabav's Weapon Shop.
 10258 | D:7      | Reached * piety under Vehumet
 10258 | D:7      | Offered knowledge of Freeze by Vehumet.
 11513 | D:8      | Reached XP level 10. HP: 44/59 MP: 3/22
 11706 | D:8      | Reached skill level 11 in Air Magic
 11724 | D:8      | Slain by a killer bee

Illustrated notes

Levels and vault maps discovered:
D:1:      minmay_arrival_stone_box, layout_basic
D:2:      layout_loops_ring, due_unseen_surprise
D:3:      layout_loops_ring, grunt_qazlal_sundering
D:4:      layout_basic, nicolae_ashenzari_panopticon, grunt_decor_junction
D:5:      layout_loops_corners, minmay_misc_feat_five, uniq_duvessa
D:6:      layout_gridville, kennysheep_mini_moat, lemuel_crystal_altar,
          minmay_temple_entry_grid, serial_undead, serial_undead_c,
          serial_undead_a, serial_undead_e, serial_undead_c, serial_undead_f,
          serial_undead_b, kennysheep_slug_shrine
D:7:      minmay_spotlight, layout_cave_pools, serial_shops, shop,
          serial_column_ruins, column_ruins_open_tiny,
          column_ruins_columns_corner, column_ruins_open_small,
          column_ruins_grid_3, column_ruins_open_small, column_ruins_open_tiny,
          column_ruins_columns_straight
D:8:      layout_loops_ring, gammafunk_temple_overflow_elements
Temple:   nicolae_temple_elliptical

Skill      XL: |  1  2  3  4  5  6  7  8  9 10 |
---------------+-------------------------------+-----
Conjurations   | 2 3 4 5 7 |  7.9
Fighting       | 1 2 3 4 5 |  5.5
Air Magic      | 5 6 7 9 10 11 | 11.0
Spellcasting   | 3 4 6 7 |  7.6
Dodging        | |  2.1
Stealth        | |  2.0

Action                   |  1- 3 |  4- 6 |  7- 9 | 10-12 || total
-------------------------+-------+-------+-------+-------++-------
Melee: Unarmed           |     8 |       |       |       ||     8
       Peck              |     4 |     1 |     1 |     1 ||     7
       Kick              |     2 |     1 |     2 |     2 ||     7
       Short sword       |     8 |       |       |       ||     8
       Dagger            |       |    12 |    13 |    11 ||    36
 Cast: Shock             |    78 |   115 |   119 |     3 ||   315
       Airstrike         |       |       |   127 |     5 ||   132
       Lightning Bolt    |       |       |     1 |       ||     1
 Abil: Fly               |       |     1 |       |       ||     1
Evoke: Wand              |       |       |       |     3 ||     3
  Use: Scroll            |       |       |    18 |       ||    18
       Potion            |       |       |       |     2 ||     2
 Stab: Paralysed         |       |       |       |     1 ||     1
Armor: Robe              |     7 |     3 |    12 |       ||    22
Dodge: Dodged            |    23 |    14 |    46 |    17 ||   100

Table legend: (Time is in decaauts)
 A = Elapsed time spent in this place.
 B = Non-inter-level travel time spent in this place.
 C = Inter-level travel time spent in this place.
 D = Time resting spent in this place.
 E = Time spent auto-exploring this place.
 F = Levels seen in this place.
 G = Mean time per level.
                   A        B        C        D        E       F      G
               +--------+--------+--------+--------+--------+-----+--------+
         Total |  11370 |  11086 |    284 |    769 |   9228 |   9 | 1263.3 |
       Dungeon |  11213 |  10941 |    272 |    769 |   9088 |   8 | 1401.6 |
        Temple |    156 |    145 |     11 |      0 |    139 |   1 |  156.0 |
               +--------+--------+--------+--------+--------+-----+--------+

Top non-repeatable levels by time:
     D:6: 2284 daAuts
     D:5: 2000 daAuts
     D:4: 1600 daAuts
     D:3: 1204 daAuts
     D:7: 1127 daAuts
     D:1: 1091 daAuts
     D:2: 1067 daAuts
     D:8: 838 daAuts
  Temple: 156 daAuts
